 Dungeon Crawl Stone Soup version 0.30-a0-4-ga7cffc901d (webtiles) character file.

Game seed: 9492880048935846881

205 Sobieck the Sneak (level 5, 0/28 HPs)
             Began as a Vine Stalker Brigand on Aug 20, 2022.
             Slain by a gnoll
             ... wielding a +0 spear
              (6 damage)
             ... on level 3 of the Dungeon.
             The game lasted 00:04:33 (2370 turns).

Sobieck the Sneak (Vine Stalker Brigand)            Turns: 2370, Time: 00:04:33

Health: 0/28       AC:  4    Str: 15    XL:     5   Next: 83%
Magic:  0/6        EV: 11    Int: 11    God:
Gold:   63         SH:  0    Dex: 16    Spells: 4/4 levels left

rFire   . . .      SeeInvis +    F - +2 short sword (drain) {short}
rCold   . . .      Faith    .    (no shield)
rNeg    . . .      Spirit   +    f - +0 leather armour
rPois   .          Reflect  .    (no helmet)
rElec   .          Harm     .    c - +0 cloak
rCorr   .          Rampage  .    (no gloves)
Will    .....                    (no boots)
Stlth   +++.......               (no amulet)
HPRegen 0.89/turn                x - ring of see invisible
MPRegen 0.10/turn                (no ring)

@: no status effects
A: fangs 2, regeneration 1, magic shield, antimagic bite, no potion heal 2
a: no special abilities


You were on level 3 of the Dungeon.
You visited 1 branch of the dungeon, and saw 3 of its levels.

You collected 63 gold pieces.


Innate Abilities, Weirdness & Mutations

You have extremely sharp teeth.
Your natural rate of healing is unusually fast.
When hurt, damage is shared between your health and your magic reserves.
Your bite disrupts and absorbs the magic of your enemies.
Potions cannot restore your health.


   Skills:
 + Level 3.0 Fighting
 * Level 3.8 Short Blades
 - Level 2.0 Throwing
 + Level 1.9 Armour
 - Level 0.7 Dodging
 - Level 5.0 Stealth


You had 4 spell levels left.
You didn't know any spells.
Your spell library contained the following spells:

 Spells                   Type           Power      Damage    Failure   Level
 Gell's Gravitas          Tloc           0%         N/A       78%         3
 Teleport Other           Tloc           0%         N/A       78%         3
 Dispersal                Tloc           0%         N/A       100%        6

Inventory:

Hand Weapons
 a - a +2 dagger {short}
 B - a +0 short sword {short}
   (You took it off an orc on level 3 of the Dungeon)
 F - a +2 short sword of draining (weapon) {short}
   (You took it off a kobold on level 3 of the Dungeon)
 H - a +2 dagger of pain {short}
   (You took it off a kobold on level 3 of the Dungeon)
Missiles
 d - 11 poisoned darts (quivered) {throwing}
 e - 3 curare-tipped darts {=fthrowing}
 i - 24 stones {throwing}
Armour
 b - a +0 robe
 c - a +0 cloak (worn)
 f - a +0 leather armour (worn)
   (You found it on level 1 of the Dungeon)
 k - a +0 robe
   (You found it on level 1 of the Dungeon)
 n - a +0 robe
   (You found it on level 1 of the Dungeon)
 r - a +0 robe
   (You took it off Jessica on level 2 of the Dungeon)
 s - a +0 robe
   (You found it on level 2 of the Dungeon)
 u - a +0 robe
   (You found it on level 2 of the Dungeon)
 y - a +0 leather armour
   (You took it off an orc on level 3 of the Dungeon)
 z - a +0 leather armour
   (You took it off an orc on level 3 of the Dungeon)
 A - a +0 ring mail
   (You took it off an orc on level 3 of the Dungeon)
 C - a +0 chain mail
   (You took it off an orc on level 2 of the Dungeon)
 D - a +0 ring mail
   (You took it off an orc priest on level 2 of the Dungeon)
 G - a +0 ring mail
   (You took it off an orc on level 3 of the Dungeon)
Jewellery
 x - a ring of see invisible (left hand)
   (You found it on level 3 of the Dungeon)
Scrolls
 g - a scroll of blinking {unknown}
 j - a scroll of teleportation {unknown}
 l - a scroll of enchant weapon {unknown}
 m - a scroll of butterflies {unknown}
 o - 4 scrolls of identify {unknown}
 t - a scroll of torment {unknown}
 E - a scroll of enchant armour {unknown}
Potions
 h - 2 potions of flight {unknown}
 p - 2 potions of heal wounds {unknown}
 q - a potion of might {unknown}
 v - a potion of brilliance {unknown}
 w - a potion of lignification {unknown}

Dungeon Overview and Level Annotations

Branches:
Dungeon (3/15) Zot: 15652

Altars:
Hepliaklqana

##### #...# ...
... #.#
#.#########. #.#
#.##.g...... ##.##
#.##g# #...###
#.##@# # #..<..#
#.##.#
#####...#.###.##.#
.......)......##.#
.##.#.#.#....†##.#
.##.#.#...###.##.#
.##.#)##.##
##.#.######
.....)...#
#..........
...)#.##.##
##.#########


You could see 2 gnolls.


Message History

A hobgoblin comes into view.
Danger!
An orc comes into view. It is wielding a +0 club.
The orc moves out of view.
Items here: ))) †††.
Danger!
No target in view!
No target in view!
Things that are here:
a +0 club {mace}; an orc corpse; a rat corpse Danger!
The hobgoblin shouts!
You hit the hobgoblin. The hobgoblin barely misses you.
You hit the hobgoblin. The hobgoblin barely misses you.
You hit the hobgoblin.
You bite the hobgoblin, but do no damage.
The hobgoblin closely misses you.
You hit the hobgoblin.
You kill the hobgoblin!
The orc hits you with a +0 club.
Danger!
You hit the orc. You bite the orc, but do no damage.
You hit the orc but do no damage. The orc misses you.
You hit the orc.
You kill the orc!
No target in view!
No target in view!
E - a scroll labelled JUXEOC JORRUE
d - 11 poisoned darts {throwing} (gained 2)
F - a +2 short sword of draining {short}
Things that are here:
a +0 arbalest {crossbow}; a kobold corpse Unknown command.
Unknown command.
You sense an unholy aura.
F - a +2 short sword of draining (weapon)
{short} Unknown command.
Unknown command.
G - a +0 ring mail You see here a +0 club {mace}.
A kobold comes into view. It is wielding a +2 dagger of pain.
The kobold shouts!
Danger!
You hit the kobold.
You kill the kobold!
No target in view!
No target in view!
Things that are here:
a +2 dagger of pain {short}; a kobold corpse
H - a +2 dagger of pain {short} Unknown command.
Unknown command.
A gnoll comes into view. It is wielding a +0 whip.
Danger!
The gnoll shouts!
You hear a shout! x2
You barely miss the gnoll. The gnoll hits you but does no damage.
You hit the gnoll. The gnoll hits you with a +0 whip.
You hit the gnoll. Your bite misses the gnoll. The gnoll closely misses you.
You hit the gnoll. You bite the gnoll. You drain its power.
You feel invigorated. The gnoll hits you with a +0 whip.
You hit the gnoll.
You kill the gnoll!
Your Fighting skill increases to level 3!
No target in view!
No target in view!
A gnoll comes into view. It is wielding a +0 club.
Danger!
A gnoll comes into view. It is wielding a +0 spear.
Things that are here:
a +0 whip {mace}; a gnoll corpse You barely miss the gnoll.
The gnoll shouts!
The gnoll throws a throwing net.
The throwing net barely misses you. The gnoll barely misses you.
You hit the gnoll but do no damage. You bite the gnoll, but do no damage.
The gnoll hits you with a +0 club.
You hit the gnoll. You bite the gnoll, but do no damage.
The gnoll completely misses you. The gnoll barely misses you.
You hit the gnoll. You bite the gnoll, but do no damage.
The gnoll hits you with a +0 club.
The gnoll hits you from afar with a +0 spear!
You are too injured to fight recklessly!
You are too injured to fight recklessly!
Unknown command.
The gnoll attacks as you move away! The gnoll hits you with a +0 club.
Unknown command.
You closely miss the gnoll. Your bite misses the gnoll. You hit the gnoll.
The gnoll misses you. The gnoll hits you with a +0 club.
You hit the gnoll but do no damage. You bite the gnoll, but do no damage.
The gnoll barely misses you.
The gnoll hits you from afar with a +0 spear.
* * * LOW HITPOINT WARNING * * *
Unknown command.
You hit the gnoll but do no damage. The gnoll hits you with a +0 club.
* * * LOW HITPOINT WARNING * * *
The gnoll hits you from afar with a +0 spear.
* * * LOW HITPOINT WARNING * * *
You hit the gnoll. You bite the gnoll, but do no damage.
The gnoll hits you from afar with a +0 spear!
You die...

Skill      XL: |  1  2  3  4  5 |
---------------+----------------+-----
Short Blades   | 2 3 |  3.8
Stealth        | 5 |  5.0
Throwing       | 2 |  2.0
Fighting       | 2 3 |  3.0
Armour         | 1 |  1.9
Dodging        | |  0.7

Action                   |  1- 3 |  4- 6 || total
-------------------------+-------+-------++-------
Melee: Dagger            |    68 |   107 ||   175
       Bite              |    17 |    34 ||    51
       Punch             |     1 |     3 ||     4
       Short sword       |       |    15 ||    15
Throw: Dart              |     2 |     5 ||     7
 Stab: Sleeping          |     4 |     2 ||     6
Armor: Leather armour    |    16 |    24 ||    40
       Robe              |     1 |       ||     1
Dodge: Dodged            |    33 |    67 ||   100

Levels and vault maps discovered:
D:1:      lightli_arrival_windingriver, layout_basic,
          dreamdust_ecumenical_altar_hidden_monk_grotto
D:2:      layout_basic, basic_altar, minmay_3d_cube, uniq_jessica, uniq_natasha
D:3:      layout_loops_ring, nicolae_tso_besieged_by_evil

Notes
Turn   | Place    | Note
-------+----------+-------------------------------------------
     0 | D:1      | Sobieck the Vine Stalker Brigand began the quest for the
                  | Orb.
     0 | D:1      | Reached XP level 1. HP: 11/11 MP: 2/2
    71 | D:1      | You add the spells Gell's Gravitas, Teleport Other and
                  | Dispersal to your library.
   206 | D:1      | Reached skill level 2 in Short Blades
   312 | D:1      | Reached XP level 2. HP: 14/15 MP: 1/3
   480 | D:1      | Reached skill level 5 in Stealth
   541 | D:1      | Found a faded altar of an unknown god.
   599 | D:1      | Reached skill level 2 in Throwing
   766 | D:1      | Reached skill level 2 in Fighting
  1002 | D:2      | Reached XP level 3. HP: 17/18 MP: 4/4
  1098 | D:2      | Noticed Jessica
  1106 | D:2      | Killed Jessica
  1107 | D:2      | Reached skill level 1 in Armour
  1581 | D:2      | Noticed Natasha
  1592 | D:2      | Killed Natasha
  1593 | D:2      | Reached skill level 3 in Short Blades
  1593 | D:2      | Gained mutation: Your natural rate of healing is unusually
                  | fast. [Vine Stalker growth]
  1593 | D:2      | Reached XP level 4. HP: 21/23 MP: 5/5
  1654 | D:2      | Noticed Natasha
  1663 | D:2      | Killed Natasha
  1719 | D:2      | Noticed Natasha
  1727 | D:2      | Killed Natasha
  1728 | D:2      | Reached XP level 5. HP: 21/27 MP: 4/6
  1861 | D:2      | Found a hazy altar of Hepliaklqana.
  2359 | D:3      | Reached skill level 3 in Fighting
  2369 | D:3      | HP: 5/28 [gnoll/+0 spear (4)]
  2370 | D:3      | Slain by a gnoll

Vanquished Creatures
  An orc priest (D:2)
  Jessica (D:2)
  Natasha (thrice) (D:2)
  A gnoll (D:3)
  3 dart slugs
  9 orcs
  An endoplasm (D:1)
  2 giant cockroaches
  A goblin (D:2)
  5 hobgoblins
  2 jackals (D:2)
  A quokka (D:1)
  7 ball pythons
  7 bats
  4 frilled lizards
  2 kobolds (D:3)
  6 rats
56 creatures vanquished.

Table legend:
 A = Non-vault XP
 B = Vault XP
 C = Vault XP percentage of total XP
 D = Non-vault monster count
 E = Vault monster count
 F = Vault count percentage of total count
                 A         B        C        D         E       F
            +---------+---------+-------+---------+---------+-------
      Total |     221 |      73 |  24.8 |      53 |       3 |   5.4
            +---------+---------+-------+---------+---------+-------
        D:1 |      28 |       0 |   0.0 |      16 |       0 |   0.0
        D:2 |     154 |      73 |  32.2 |      25 |       3 |  10.7
        D:3 |      39 |       0 |   0.0 |      12 |       0 |   0.0
            +---------+---------+-------+---------+---------+-------

Illustrated notes

Table legend:
 A = Kills in this place as a percentage of kills in entire the game.
 B = Kills by you in this place as a percentage of kills by you in the entire game.
 C = Kills by friends in this place as a percentage of kills by friends in the entire game.
 D = Other kills in this place as a percentage of other kills in the entire game.
 E = Experience gained in this place as a percentage of experience gained in the entire game.
 F = Experience gained in this place divided by the number of levels of this place that you have seen.
                   A       B       C       D       E      F
               +-------+-------+-------+-------+-------+----------------------
         Total | 100.0 | 100.0 |   N/A |   N/A | 100.0 |  98.0
       Dungeon | 100.0 | 100.0 |   N/A |   N/A | 100.0 |  98.0
               +-------+-------+-------+-------+-------+----------------------

Table legend: (Time is in decaauts)
 A = Elapsed time spent in this place.
 B = Non-inter-level travel time spent in this place.
 C = Inter-level travel time spent in this place.
 D = Time resting spent in this place.
 E = Time spent auto-exploring this place.
 F = Levels seen in this place.
 G = Mean time per level.
                   A        B        C        D        E       F      G
               +--------+--------+--------+--------+--------+-----+--------+
         Total |   2347 |   2314 |     33 |     27 |   1826 |   3 |  782.3 |
       Dungeon |   2347 |   2314 |     33 |     27 |   1826 |   3 |  782.3 |
               +--------+--------+--------+--------+--------+-----+--------+

Top non-repeatable levels by time:
     D:2: 1300 daAuts
     D:1: 907 daAuts
     D:3: 138 daAuts
